 Dungeon Crawl Stone Soup version 0.19.0-19-g8c6edcc (webtiles) character file.

1788 MirrMurr the Grappler (level 8, -8/111 HPs)
             Began as a Troll Hunter on Nov 15, 2016.
             Was a Follower of Makhleb.
             Mangled by an orc priest
             ... wielding a +0 mace
              (9 damage)
             ... on level 6 of the Dungeon.
             The game lasted 00:09:52 (4136 turns).

MirrMurr the Grappler (Troll Hunter)                Turns: 4136, Time: 00:09:53

Health: -8/111     AC:  8    Str: 29    XL:     8   Next: 82%
Magic:  7/7        EV: 10    Int:  7    God:    Makhleb [*.....]
Gold:   231        SH:  0    Dex: 12    Spells: 0 memorised, 7 levels left

rFire  . . .     SeeInvis .       - Unarmed
rCold  . . .     Gourm    +     b - +1 robe
rNeg   . . .     Faith    .     (no shield)
rPois  .         Spirit   .     w - +0 hat
rElec  .         Reflect  .     k - +1 cloak
rCorr  .         Harm     .     (gloves unavailable)
MR     .....                    (boots unavailable)
Stlth  ..........               (no amulet)
                                (no ring)
                                t - +3 ring of strength

@: berserking, very quick
A: unfitting armour, claws 3, fast metabolism 3, gourmand, regeneration 1,
shaggy fur 1, tough skin 2
a: Renounce Religion


You were on level 6 of the Dungeon.
You worshipped Makhleb.
Makhleb was aware of your devotion.
You were very full.

You visited 1 branch of the dungeon, and saw 6 of its levels.

You collected 231 gold pieces.

Inventory:

Missiles
 c - 5 large rocks (quivered)
 d - 2 throwing nets
 x - 35 poisoned needles
Armour
 b - a +1 robe (worn)
 k - a +1 cloak (worn)
 w - a +0 hat (worn)
Jewellery
 g - an uncursed amulet of magic regeneration
 p - an uncursed ring of wizardry
 t - a +3 ring of strength (left claw)
Wands
 j - a wand of polymorph (11/24)
 m - a wand of slowing (14/48)
 n - a wand of polymorph (15/24)
Scrolls
 o - 2 scrolls of fog
 r - a scroll of remove curse
 B - a scroll of enchant armour
Potions
 e - 2 potions of berserk rage
 h - 3 potions of curing
 i - a potion of lignification {unknown}
 l - a potion of invisibility
 q - a potion of agility
 u - a potion of ambrosia {unknown}
 z - a potion of haste {unknown}
Books
 v - a book of Misfortune

   Spells                             Type                      Level
   a - Confusing Touch                Hexes                        1
   b - Confuse                        Hexes                        3
   c - Gell's Gravitas                Hexes/Translocation          3
   d - Petrify                        Transmutation/Earth          4
   e - Metabolic Englaciation         Hexes/Ice                    5
   f - Yara's Violent Unravelling     Hexes/Transmutation          5
Comestibles
 a - 2 meat rations
 f - 4 bread rations
 s - 2 beef jerkies
 y - a royal jelly
 A - 11 chunks of flesh


   Skills:
 + Level 2.5 Fighting
 + Level 4.8 Throwing
 - Level 1.5 Dodging
 - Level 0.3 Stealth
 * Level 10.4 Unarmed Combat


You had 7 spell levels left.
You didn't know any spells.

Dungeon Overview and Level Annotations

Branches:
Dungeon (6/15)             Temple (0/1) D:6

Altars:
Dithmenos
Makhleb
Trog
Vehumet
Zin
The Shining One


Innate Abilities, Weirdness & Mutations

You are too large for most types of armour.
You have claws for hands.
Your metabolism is lightning-fast.
You like to eat raw meat.
Your natural rate of healing is unusually fast.
You are covered in fur. (AC +1)
You have very tough skin. (AC +2)


Message History

Pain shoots through your body!
* * * LOW HITPOINT WARNING * * *
The orc barely misses you.
The orc warrior hits you from afar with a glaive!
* * * LOW HITPOINT WARNING * * *
Okay, then.
You feel better. The orc priest closely misses you.
The orc priest hits you with a mace.
* * * LOW HITPOINT WARNING * * *
The orc hits you but does no damage.
Unknown command.
A red film seems to cover your vision as you go berserk!
You feel yourself moving faster!
You feel mighty!
The orc priest calls down the wrath of Beogh upon you.
Beogh smites you!
* * * LOW HITPOINT WARNING * * *
The orc warrior hits you from afar with a glaive!
* * * LOW HITPOINT WARNING * * *
The orc hits you but does no damage. The orc priest hits you with a mace!
You die...

##...## #.# #.#..###
##.## #.# #.#..... #.#
#.# #..#.### #.# #.#
#....... #+# #.#
##.##### #.# #.# ###.#
#.### ####.#(####
#.#.## #
#..oo@....######....##
+
+....ooo.......<.......
#
##.#....##.######.#####
# ##.)## .# ###..##
.... # #..... ###.#
#..... #.# #..... #.#
##..## #####


You could see an orc warrior, 3 orc priests and an orc.

Vanquished Creatures
  Grinder (D:3)
  Sigmund (D:2)
  Menkaure (D:5)
  An ice beast (D:6)
  2 orc warriors (D:6)
  A phantom (D:6)
  An ogre (D:5)
  A centaur (D:6)
  Blork the orc (D:4)
  2 bullfrogs (D:6)
  A howler monkey (D:4)
  A centaur zombie (D:5)
  2 orc wizards
  A hound (D:6)
  3 iguanas
  5 worker ants
  A hound skeleton (D:5)
  Robin (D:3)
  7 adders
  A shadow imp (D:6)
  4 worms
  A dart slug (D:1)
  4 leopard geckos
  21 orcs
  3 ball pythons
  9 bats
  3 giant cockroaches
  17 goblins
  12 hobgoblins
  5 jackals
  2 quokkas
  8 frilled lizards
  4 kobolds
  6 rats
134 creatures vanquished.

Notes
Turn   | Place    | Note
-------+----------+-------------------------------------------
     0 | D:1      | MirrMurr the Troll Hunter began the quest for the Orb.
     0 | D:1      | Reached XP level 1. HP: 19/19 MP: 0/0
   150 | D:1      | Reached XP level 2. HP: 27/27 MP: 1/1
   346 | D:1      | Reached skill level 1 in Unarmed Combat
   664 | D:1      | Reached XP level 3. HP: 33/33 MP: 2/2
   977 | D:2      | Reached skill level 2 in Unarmed Combat
  1123 | D:2      | Reached XP level 4. HP: 41/41 MP: 3/3
  1190 | D:2      | Noticed Sigmund
  1270 | D:2      | Killed Sigmund
  1270 | D:2      | Reached skill level 4 in Unarmed Combat
  1270 | D:2      | Reached XP level 5. HP: 46/49 MP: 4/4
  1520 | D:3      | Reached XP level 6. HP: 32/57 MP: 5/5
  1545 | D:3      | Noticed Grinder
  1551 | D:3      | Killed Grinder
  1551 | D:3      | Reached skill level 6 in Unarmed Combat
  1663 | D:3      | Noticed Robin
  1681 | D:3      | Killed Robin
  1779 | D:3      | Reached XP level 7. HP: 65/65 MP: 6/6
  1835 | D:3      | Found a radiant altar of Vehumet.
  1838 | D:3      | Found a glowing silver altar of Zin.
  1841 | D:3      | Found a burning altar of Makhleb.
  1845 | D:3      | Became a worshipper of Makhleb the Destroyer
  1851 | D:3      | Found a shadowy altar of Dithmenos.
  2441 | D:4      | Noticed Blork the orc
  2445 | D:4      | Killed Blork the orc
  2477 | D:4      | Found a glowing golden altar of the Shining One.
  2493 | D:4      | Reached skill level 7 in Unarmed Combat
  2841 | D:5      | Entered Level 5 of the Dungeon
  2874 | D:5      | Noticed Menkaure
  2902 | D:5      | Killed Menkaure
  3029 | D:5      | Reached skill level 8 in Unarmed Combat
  3137 | D:5      | Reached * piety under Makhleb
  3587 | D:6      | Reached XP level 8. HP: 71/72 MP: 7/7
  3786 | D:6      | Reached skill level 9 in Unarmed Combat
  3822 | D:6      | Found a staircase to the Ecumenical Temple.
  3973 | D:6      | Found a bloodstained altar of Trog.
  3995 | D:6      | Reached skill level 10 in Unarmed Combat
  4136 | D:6      | HP: 1/111 [orc warrior/glaive (15)]
  4136 | D:6      | Mangled by an orc priest

Skill      XL: |  1  2  3  4  5  6  7  8 |
---------------+-------------------------+-----
Throwing       | 4 |  4.8
Unarmed Combat | 1 2 4 6 8 10 | 10.4
Fighting       | 2 |  2.5
Dodging        | |  1.5
Stealth        | |  0.3

Action                   |  1- 3 |  4- 6 |  7- 9 || total
-------------------------+-------+-------+-------++-------
Melee: Unarmed           |   134 |    98 |   138 ||   370
       Punch             |       |     2 |     8 ||    10
Throw: Large rock        |       |     2 |     4 ||     6
  Use: Scroll            |     2 |     3 |    11 ||    16
       Potion            |       |       |     2 ||     2
 Stab: Sleeping          |     2 |     2 |       ||     4
  Eat: Chunk             |    16 |     6 |    21 ||    43
Armor: Robe              |    48 |    31 |    40 ||   119
Dodge: Dodged            |    61 |    60 |    55 ||   176
